 Dungeon Crawl Stone Soup version 0.28-a0-1638-g9123634e07 (webtiles) character file.

Game seed: 4226304071872701454

23 Shayle the Chopper (level 2, -2/29 HPs)
             Began as an Ogre Warper on Jan 26, 2022.
             Slain by an iguana (12 damage)
             ... on level 2 of the Dungeon.
             The game lasted 00:02:13 (1231 turns).

Shayle the Chopper (Ogre Warper)                    Turns: 1231, Time: 00:02:13

Health: -2/29      AC:  3    Str: 14    XL:     2   Next: 95%
Magic:  5/5        EV:  9    Int: 14    God:
Gold:   12         SH:  0    Dex:  8    Spells: 5/5 levels left

rFire   . . .      SeeInvis .   e - +0 whip (elec)
rCold   . . .      Faith    .   (no shield)
rNeg    . . .      Spirit   .   b - +0 robe
rPois   .          Reflect  .   (helmet restricted)
rElec   .          Harm     .   (no cloak)
rCorr   .          Rampage  .   (gloves unavailable)
Will    .....                   (boots unavailable)
Stlth   +.........              (no amulet)
HPRegen 0.09/turn               (no ring)
MPRegen 0.09/turn               (no ring)

@: no status effects
A: large, unfitting armour, tough skin 1
a: no special abilities


You were on level 2 of the Dungeon.
You visited 1 branch of the dungeon, and saw 2 of its levels.

You collected 12 gold pieces.

Inventory:

Hand Weapons
 a - a +0 hand axe
 e - a +0 whip of electrocution (weapon)
Missiles
 d - 5 boomerangs of dispersal (quivered)
Armour
 b - a +0 robe (worn)
Scrolls
 c - a scroll of blinking
 f - a scroll of identify {unknown}
 h - a scroll of fear {unknown}
 i - a scroll of magic mapping {unknown}
 j - a scroll of acquirement {unknown}
 k - a scroll of fog {unknown}
Potions
 g - a potion of mutation {unknown}


   Skills:
 - Level 2.6 Fighting
 + Level 3.3 Axes
 - Level 1.0 Throwing
 - Level 2.1 Dodging
 - Level 2.4 Spellcasting
 - Level 2.6 Translocations


You had 5 spell levels left.
You didn't know any spells.
Your spell library contained the following spells:

 Spells                   Type           Power      Damage    Failure   Level
 Blink                    Tloc           18%        N/A       12%         2
 Gell's Gravitas          Tloc           9%         N/A       22%         3
 Lesser Beckoning         Tloc           9%         N/A       22%         3
 Teleport Other           Tloc           9%         N/A       22%         3
 Tukima's Dance           Hex            1%         N/A       56%         3
 Passage of Golubria      Tloc           9%         N/A       58%         4
 Manifold Assault         Tloc           9%         N/A       91%         5
 Yara's Violent Unravell  Hex/Tmut       0%         3d3       99%         5


Dungeon Overview and Level Annotations

Branches:
Dungeon (2/15)

Altars:

Shops:
D:1 !


Innate Abilities, Weirdness & Mutations

You are too large for most types of armour.
You have tough skin. (AC +1)


Message History

The hobgoblin is moderately wounded.
The hobgoblin barely misses you.
You closely miss the hobgoblin.
The hobgoblin is moderately wounded.
The hobgoblin barely misses you.
You closely miss the hobgoblin.
The hobgoblin is moderately wounded.
The hobgoblin barely misses you.
You hit the hobgoblin.
Lightning courses through the hobgoblin!
You kill the hobgoblin!
Things that are here:
a +0 dagger; 3 stones
Found a scroll labelled YFRAST SEES.
You now have 12 gold pieces.
j - a scroll labelled YFRAST SEES A dart slug comes into view.
You hit the dart slug.
Lightning courses through the dart slug!
You kill the dart slug!
Found an orange potion.
k - a scroll labelled OHUKLU FI DIERISI An iguana comes into view.
The iguana hisses angrily.
The iguana bites you!
You see here an orange potion.
You hit the iguana but do no damage. The iguana completely misses you.
You hit the iguana.
The iguana is lightly wounded.
The iguana closely misses you.
You hit the iguana.
The iguana is lightly wounded.
The iguana barely misses you.
You closely miss the iguana.
The iguana is lightly wounded.
The iguana bites you!
You hit the iguana but do no damage.
The iguana is lightly wounded.
The iguana bites you!
You die...

##### #... #.#
####.####.## #.# ###
......l@...# #.# #..
...........# #.# #..
........##.### #.# #..
........#....#####.# #..
######..........##.###..
....................
###.##########.##... #..
...###.. # #.### #..


You could see an iguana.

Vanquished Creatures
  A dart slug (D:2)
  2 bats (D:1)
  2 endoplasms
  A giant cockroach (D:1)
  5 goblins (D:1)
  2 hobgoblins (D:2)
  2 ball pythons
  A frilled lizard (D:1)
  2 kobolds
18 creatures vanquished.

Notes
Turn   | Place    | Note
-------+----------+-------------------------------------------
     0 | D:1      | Shayle the Ogre Warper began the quest for the Orb.
     0 | D:1      | Reached XP level 1. HP: 22/22 MP: 3/3
   189 | D:1      | Found Otwe's Distillery.
   400 | D:1      | Reached XP level 2. HP: 29/29 MP: 5/5
   989 | D:1      | Reached skill level 3 in Axes
  1231 | D:2      | Slain by an iguana

Illustrated notes

Levels and vault maps discovered:
D:1:      dpeg_arrival_signposts, layout_loops_ring, serial_shops,
          nicolae_shop_hallway_plus, minmay_misc_feat_tower
D:2:      layout_basic, uniq_jessica

Skill      XL: |  1  2 |
---------------+-------+-----
Axes           | 3 |  3.3
Fighting       | |  2.6
Throwing       | |  1.0
Dodging        | |  2.1
Spellcasting   | |  2.4
Translocations | |  2.6

Action                   || total
-------------------------++-------
Melee: Whip              ||    52
Armor: Robe              ||     8
Dodge: Dodged            ||    26

Table legend: (Time is in decaauts)
 A = Elapsed time spent in this place.
 B = Non-inter-level travel time spent in this place.
 C = Inter-level travel time spent in this place.
 D = Time resting spent in this place.
 E = Time spent auto-exploring this place.
 F = Levels seen in this place.
 G = Mean time per level.
                   A        B        C        D        E       F      G
               +--------+--------+--------+--------+--------+-----+--------+
         Total |   1234 |   1203 |     31 |     87 |    937 |   2 |  617.0 |
       Dungeon |   1234 |   1203 |     31 |     87 |    937 |   2 |  617.0 |
               +--------+--------+--------+--------+--------+-----+--------+

Top non-repeatable levels by time:
     D:1: 1056 daAuts
     D:2: 178 daAuts
